 Dungeon Crawl Stone Soup version 0.27-a0-1036-g8e1b44f (webtiles) character file.

Game seed: 16340390136620431826

50 HDogLeCool the Skirmisher (level 3, -2/32 (33) HPs)
             Began as a Draconian Fighter on Apr 18, 2021.
             Slain by a wight
             ... wielding a +0 halberd
              (5 damage)
             ... on level 2 of the Dungeon.
             The game lasted 00:11:16 (1602 turns).

HDogLeCool the Skirmisher (Draconian Fighter)       Turns: 1602, Time: 00:11:17

HP:   -2/32 (33)    AC:  5    Str: 19    XL:     3   Next: 55%
MP:   0/3           EV: 10    Int:  8    God:
Gold: 67            SH:  9    Dex: 10    Spells: 2/2 levels left

rFire    . . .     SeeInvis .   a - +0 rapier
rCold    . . .     Faith    .   b - +0 kite shield
rNeg     . . .     Spirit   +   (armour unavailable)
rPois    .         Reflect  .   (helmet restricted)
rElec    .         Harm     .   (no cloak)
rCorr    .         Rampage  .   (no gloves)
Will     .....                  (no boots)
Stlth    +.........             g - amulet of guardian spirit
HPRegen  0.10/turn              (no ring)
MPRegen  0.08/turn              (no ring)

@: lightly drained
A: AC +5, unfitting armour, cold-blooded
a: no special abilities


You were on level 2 of the Dungeon.
You visited 1 branch of the dungeon, and saw 2 of its levels.

You collected 67 gold pieces.

Inventory:

Hand Weapons
 a - a +0 rapier (weapon)
Missiles
 d - 19 stones (quivered)
Armour
 b - a +0 kite shield (worn)
Jewellery
 g - an amulet of guardian spirit (around neck)
 h - a ring of flight
Scrolls
 e - a scroll of teleportation {unknown}
 f - 2 scrolls of noise {unknown}
 i - a scroll of silence {unknown}
Potions
 c - a potion of might


   Skills:
 * Level 4.1 Fighting
 - Level 2.0 Short Blades
 + Level 3.0 Dodging
 * Level 3.7 Shields


You had 2 spell levels left.
You didn't know any spells.
Your spell library was empty.

Dungeon Overview and Level Annotations

Branches:
Dungeon (2/15)

Altars:


Innate Abilities, Weirdness & Mutations

Your plain brown scales are hard. (AC +5)
You cannot fit into any form of body armour.
You are cold-blooded and may be slowed by cold attacks.


Message History

Anything else - Cancel.
Okay, then.
Throw: 22 stones
Press: ? - help, Q - select action Shift-Dir - straight line, f - wight
Aim: a wight, wielding a +0 halberd and wearing a +0 robe (57% to hit)
You throw a stone.
The stone hits the wight but does no damage.
Throw: 21 stones
Press: ? - help, Q - select action Shift-Dir - straight line, f/p - wight
Aim: a wight, wielding a +0 halberd and wearing a +0 robe (57% to hit)
You throw a stone.
The stone hits the wight but does no damage.
Throw: 20 stones
Press: ? - help, Q - select action Shift-Dir - straight line, f/p - wight
Aim: a wight, wielding a +0 halberd and wearing a +0 robe (57% to hit)
You throw a stone. The stone hits the wight.
The wight is lightly damaged.
The wight hits you from afar with a +0 halberd.
You feel drained. The wight hits you with a +0 halberd!
You are too injured to fight recklessly!
You hit the wight.
Your tail-slap misses the wight.
The wight is heavily damaged.
The wight hits you but does no damage.
You puncture the wight!
The wight is almost destroyed.
The wight misses you.
You barely miss the wight.
The wight is almost destroyed.
The wight hits you with a +0 halberd.
You closely miss the wight.
You tail-slap the wight, but do no damage.
The wight is severely damaged.
The wight hits you with a +0 halberd!
* * * LOW HITPOINT WARNING * * *
The wight barely misses you. You block the wight's attack.
You block the wight's attack.
The wight hits you from afar with a +0 halberd.
You die...

# ... ...((######
.....(z.@.#
#################.#
.............# #.#
############.# #.#
.............# #.#
#########...## #.#
.# #...# ##.#### .#
#...# #.....# .#
#...# #.....#


You could see a wight.

Vanquished Creatures
  A worm (D:2)
  A dart slug (D:1)
  2 bats (D:1)
  5 endoplasms
  A giant cockroach (D:1)
  5 goblins (D:1)
  4 hobgoblins
  4 jackals (D:1)
  A kobold (D:1)
  3 quokkas (D:1)
  3 ball pythons
  3 frilled lizards
  6 rats
39 creatures vanquished.

Notes
Turn   | Place    | Note
-------+----------+-------------------------------------------
     0 | D:1      | HDogLeCool the Draconian Fighter began the quest for the
                  | Orb.
     0 | D:1      | Reached XP level 1. HP: 19/19 MP: 1/1
   201 | D:1      | Reached XP level 2. HP: 26/26 MP: 2/2
   866 | D:1      | Reached XP level 3. HP: 33/33 MP: 3/3
  1191 | D:1      | Reached skill level 4 in Fighting
  1602 | D:2      | Slain by a wight

Illustrated notes

Levels and vault maps discovered:
D:1:      tarquinn_simple_flora_water_e, layout_basic, serial_bayou_crossing
D:2:      layout_basic, kennysheep_generic_room_11, uniq_robin, uniq_terence,
          uniq_sigmund

Skill      XL: |  1  2  3 |
---------------+----------+-----
Dodging        | 3 |  3.0
Fighting       | 4 |  4.1
Short Blades   | |  2.0
Shields        | |  3.7

Action                   || total
-------------------------++-------
Melee: Rapier            ||   117
       Tailslap          ||    15
Throw: Stone             ||     3
 Stab: Sleeping          ||     2
Armor: Skin              ||    30
Dodge: Dodged            ||    40
Block: Kite shield       ||    51

Table legend: (Time is in decaauts)
 A = Elapsed time spent in this place.
 B = Non-inter-level travel time spent in this place.
 C = Inter-level travel time spent in this place.
 D = Time resting spent in this place.
 E = Time spent auto-exploring this place.
 F = Levels seen in this place.
 G = Mean time per level.
                   A        B        C        D        E       F      G
               +--------+--------+--------+--------+--------+-----+--------+
         Total |   1653 |   1640 |     13 |    387 |    831 |   2 |  826.5 |
       Dungeon |   1653 |   1640 |     13 |    387 |    831 |   2 |  826.5 |
               +--------+--------+--------+--------+--------+-----+--------+

Top non-repeatable levels by time:
     D:1: 1343 daAuts
     D:2: 310 daAuts
